Map: Oceanborn LE

Players

HolyHit

  • Race: Protoss Protoss
  • Spawn Location: 5:00

PtitDrogo - Winner!

  • Race: Protoss Protoss
  • Spawn Location: 11:00

Event: HomeStory Cup XXV

VOD

Have the link to the VOD?

Description

Time

  • Played on: June 22, 2024, 1:23 p.m.
  • Length: 9:39

All games in this series

Show
View Real Time Build Order
Export as new Build Order

HolyHit Protoss 

Build Orders:  

Get SALT Encoding   

  12  0:00  Probe  
  13  0:12  Probe  
  14  0:18  Pylon  
  14  0:24  Probe  
  15  0:36  Gateway  
  15  0:37  Probe (Chrono Boost)  
  16  0:47  Assimilator, Probe (Chrono Boost)  
  17  0:52  Probe (Chrono Boost)  
  17  0:57  Assimilator  
  18  1:04  Probe (Chrono Boost)  
  19  1:08  Gateway  
  19  1:14  Probe (Chrono Boost)  
  20  1:19  Probe (Chrono Boost)  
  20  1:25  Cybernetics Core  
  21  1:30  Probe  
  22  1:37  Pylon  
  22  1:42  Probe  
  23  1:55  Probe  
  24  2:02  Stalker, Sentry, Warp Gate  
  28  2:10  Pylon  
  28  2:19  Shield Battery  
  28  2:36  Nexus  
  27  2:39  Probe  
  27  2:42  Sentry  
  30  2:46  Sentry  
  30  2:51  Probe  
  33  2:59  Robotics Facility  
  33  3:03  Probe  
  34  3:15  Probe  
  34  3:18  Pylon  
  35  3:27  Probe (Chrono Boost)  
  35  3:32  Twilight Council  
  36  3:38  Probe (Chrono Boost)  
  37  3:43  Warp Prism (Chrono Boost), Probe (Chrono Boost)  
  40  3:49  Probe (Chrono Boost)  
  42  3:59  Probe (Chrono Boost)  
  42  4:01  Probe (Chrono Boost)  
  43  4:06  Probe (Chrono Boost)  
  43  4:07  Probe (Chrono Boost)  
  45  4:15  Probe  
  46  4:18  Probe, Dark Shrine  
  46  4:22  Pylon  
  47  4:26  Immortal  
  47  4:30  Stalker  
  52  4:34  Stalker  
  52  4:35  Probe  
  52  4:37  Probe  
  56  4:41  Shield Battery  
  56  4:59  Probe  
  54  5:03  Assimilator, Probe  
  54  5:05  Assimilator  
  55  5:09  Immortal (Chrono Boost)  
  55  5:11  Probe  
  55  5:12  Pylon  
  60  5:24  Pylon  
  59  5:35  Dark Templar x2  
  59  5:41  Observer (Chrono Boost)  
  64  5:43  Probe  
  64  5:48  Pylon  
  63  5:51  Probe  
  63  5:53  Pylon  
  63  5:56  Blink (Chrono Boost)  
  64  5:58  Probe  
  64  6:03  Probe  
  66  6:08  Stalker  
  68  6:11  Stalker  
  68  6:22  Probe  
  68  6:25  Immortal (Chrono Boost)  
  67  6:27  Probe  
  69  6:44  Stalker x2  
  73  6:48  Probe  
  73  6:52  Gateway  
  73  6:53  Gateway  
  74  6:56  Gateway  
  72  7:02  Probe  
  72  7:03  Probe  
  72  7:05  Nexus  
  72  7:06  Pylon x2  
  74  7:11  Stalker x2  
  78  7:23  Shield Battery  
  78  7:24  Probe x2  
  78  7:26  Shield Battery  
  80  7:36  Probe  
  81  7:37  Stalker x2  
  81  7:40  Shield Battery  
  85  7:50  Shield Battery  
  85  7:53  Shield Battery  
  85  7:57  Sentry x2  
  89  8:00  Pylon  
  89  8:02  Pylon  
  89  8:04  Dark Templar  
  89  8:14  Stalker x2  
  93  8:24  Stalker x2  
  60  8:38  Stalker x3  
  64  8:46  Observer (Chrono Boost)  
  65  8:50  Dark Templar x2  
  65  8:52  Observer  
  69  9:00  Probe  
  70  9:08  Dark Templar  
  72  9:13  Nexus, Probe x2  
  72  9:15  Shield Battery  
  74  9:18  Stalker x2  
  74  9:23  Pylon  
  78  9:25  Probe  
  78  9:28  Stalker x2  
Show
View Real Time Build Order
Export as new Build Order

PtitDrogo Protoss - Winner!

Build Orders: Phoenix Opening, Archon Immortal 

Get SALT Encoding   

  12  0:00  Probe  
  13  0:12  Probe  
  14  0:17  Pylon  
  14  0:24  Probe (Chrono Boost)  
  15  0:36  Gateway, Probe (Chrono Boost)  
  16  0:44  Probe (Chrono Boost)  
  16  0:45  Assimilator  
  17  0:51  Probe  
  17  0:53  Assimilator  
  18  1:03  Probe (Chrono Boost)  
  19  1:06  Gateway  
  19  1:12  Probe (Chrono Boost)  
  19  1:17  Probe (Chrono Boost)  
  20  1:23  Cybernetics Core  
  21  1:29  Probe  
  22  1:35  Pylon  
  22  1:41  Probe  
  23  1:53  Probe  
  24  1:58  Sentry  
  28  2:02  Warp Gate  
  28  2:05  Probe  
  29  2:10  Pylon  
  29  2:13  Shield Battery  
  29  2:17  Probe  
  29  2:30  Probe  
  29  2:35  Nexus, Phoenix  
  28  2:39  Sentry x2  
  28  2:43  Probe  
  33  2:50  Robotics Facility  
  33  2:55  Probe  
  34  3:04  Pylon  
  34  3:07  Probe  
  35  3:19  Probe  
  36  3:31  Probe  
  37  3:34  Immortal (Chrono Boost)  
  41  3:43  Probe  
  41  3:47  Probe  
  43  3:51  Adept x2  
  48  3:55  Probe  
  48  4:00  Probe  
  49  4:03  Immortal (Chrono Boost)  
  49  4:07  Probe  
  54  4:10  Pylon  
  54  4:12  Probe  
  55  4:19  Probe  
  55  4:24  Probe  
  57  4:32  Warp Prism (Chrono Boost), Adept x2, Probe  
  57  4:36  Probe  
  57  4:38  Pylon  
  65  4:41  Twilight Council  
  65  4:44  Probe  
  66  4:48  Probe  
  66  4:49  Pylon  
  67  4:58  Phoenix  
  65  5:01  Probe x2  
  65  5:02  Assimilator  
  65  5:03  Assimilator  
  65  5:04  Forge, Immortal (Chrono Boost)  
  65  5:13  Probe x2  
  71  5:16  Charge (Chrono Boost), Shield Battery  
  71  5:22  Templar Archives  
  75  5:38  Gateway  
  75  5:51  Stalker x2  
  77  5:59  Observer (Chrono Boost), Probe  
  70  6:10  Probe  
  64  6:11  Probe  
  64  6:24  Probe (Chrono Boost)  
  66  6:25  Probe (Chrono Boost)  
  66  6:35  Probe (Chrono Boost)  
  66  6:37  Probe (Chrono Boost)  
  66  6:39  Probe (Chrono Boost)  
  68  6:46  Probe  
  70  6:50  Probe, Protoss Ground Weapons Level 1 (Chrono Boost)  
  70  6:53  Immortal (Chrono Boost)  
  71  6:55  Gateway  
  71  6:57  Gateway  
  71  6:58  Probe  
  71  6:59  Gateway  
  76  7:02  Gateway  
  76  7:07  Photon Cannon  
  76  7:08  Gateway  
  76  7:09  Photon Cannon  
  76  7:10  High Templar x2  
  76  7:13  Pylon  
  80  7:19  Archon  
  80  7:29  Zealot  
  82  7:31  Pylon  
  82  7:32  Pylon  
  82  7:36  Pylon  
  82  7:43  Zealot x2  
  86  7:49  Zealot x2  
  90  7:58  High Templar x2  
  90  8:02  Archon  
  90  8:03  Zealot x4  
  102  8:10  Zealot x2  
  90  8:27  Zealot x4  
  94  8:34  Zealot x4  
  100  8:50  Nexus  
  100  8:52  High Templar x4  
  108  8:56  Archon x2  
  108  9:00  Pylon  
  108  9:01  Zealot  
  110  9:03  Zealot  
  110  9:09  Zealot  
  114  9:10  Zealot  
  114  9:34  Zealot x4  
  114  9:35  Zealot x2  
Tags
 
Add a new tag
Caveats
  • Supply blocks, unpowered buildings, or Contaminate may cause inaccurate times.
  • Supply counts are checked every 10 seconds.